 Dungeon Crawl Stone Soup version 0.20-a0-269-g17f5411 (webtiles) character file.

57895 Shushpanzer the Peltast (level 14, -2/79 HPs)
             Began as a Gargoyle Fighter on Dec 7, 2016.
             Was the Champion of Hepliaklqana.
             Killed by divine providence
             ... invoked by an orc priest
              (10 damage)
             ... on level 1 of the Orcish Mines on Dec 8, 2016.
             The game lasted 03:02:09 (24779 turns).

Shushpanzer the Peltast (Gargoyle Fighter)         Turns: 24779, Time: 03:02:09

Health: -2/79      AC: 34    Str: 23    XL:     14   Next: 88%
Magic:  14/14      EV:  9    Int: 15    God:    Hepliaklqana [******]
Gold:   1954       SH: 17    Dex:  9    Spells: 13/13 levels left

rFire  . . .     SeeInvis .     g - +3 mace (flame)
rCold  + . .     Gourm    .     Y - +2 plate armour {rC+}
rNeg   + . .     Faith    .     c - +3 shield
rPois  ∞         Spirit   .     Q - +0 helmet
rElec  +         Reflect  .     m - +0 cloak
rCorr  .         Harm     .     j - +2 pair of gloves
MR     ++...                    v - +0 pair of boots
Stlth  ..........               r - amulet of regeneration
                                u - ring of protection from magic
                                b - +4 ring of intelligence

@: flying, drained
A: reduced essence, big wings, negative energy resistance 1, electricity
resistance, unbreathing, petrification resistance, rot immunity, AC +9
a: Stop Flying, Recall Ancestor, Ancestor Identity, Transference, Idealise,
Renounce Religion


You were on level 1 of the Orcish Mines.
You worshipped Hepliaklqana.
Hepliaklqana was exalted by your worship.
You were hungry.

You visited 5 branches of the dungeon, and saw 23 of its levels.

You collected 2039 gold pieces.
You spent 85 gold pieces at shops.

Inventory:

Hand Weapons
 g - a +3 mace of flaming (weapon)
 A - a +4 flail
 B - a +3 dire flail
 D - a +2 great mace
Armour
 c - a +3 shield (worn)
 j - a +2 pair of gloves (worn)
 m - a +0 cloak (worn)
 v - a +0 pair of boots (worn)
 Q - a +0 helmet (worn)
 Y - a +2 plate armour of cold resistance (worn)
Jewellery
 b - a +4 ring of intelligence (left hand)
 r - an amulet of regeneration (around neck)
 u - a ring of protection from magic (right hand)
 C - an uncursed ring of resist corrosion
 O - an uncursed ring of fire
Wands
 h - a wand of paralysis (9/24)
 k - a wand of acid (6/15)
 q - a wand of flame (0/48)
 y - a wand of flame (20/48)
 z - a wand of lightning (3/15)
 H - a wand of polymorph (12/24)
 I - a wand of flame (5/48)
 K - a wand of slowing (20/48)
 M - a wand of flame (27/48)
 P - a wand of flame (13/48)
 T - a wand of digging (13/24)
 U - a wand of paralysis (16/24)
Scrolls
 e - 3 scrolls of teleportation
 n - 7 scrolls of remove curse
 t - 3 scrolls of blinking
 x - 5 scrolls of recharging
 L - 2 scrolls of fog
 X - a scroll of holy word
Potions
 d - a potion of might
 l - 3 potions of curing
 s - a potion of magic
 E - 3 potions of cancellation
 F - 2 potions of berserk rage
 G - 3 potions of agility
 J - a potion of haste
 R - a potion of heal wounds
Miscellaneous
 N - a sack of spiders
 V - a phantom mirror
Comestibles
 a - 4 beef jerkies
 f - 16 bread rations
 i - a slice of pizza
 o - a royal jelly
 p - 6 fruits
 S - 3 meat rations


   Skills:
 + Level 10.8(10.7) Fighting
 + Level 13.5 Maces & Flails
 + Level 11.5(11.4) Armour
 + Level 5.7(5.6) Dodging
 + Level 5.4(5.3) Stealth
 + Level 15.7(15.6) Shields
 + Level 0.7(0.6) Invocations
 + Level 1.1 Evocations


You had 13 spell levels left.
You didn't know any spells.

Dungeon Overview and Level Annotations

Branches:
Dungeon (14/15)            Temple (1/1) D:4            Lair (5/6) D:10
  Swamp (1/4) Lair:2       Spider (0/4) Lair:4          Orc (2/2) D:9
    Elf (0/3) Orc:2        Vaults (0/5) D:13
  Slime: Lair:5-6

Altars:
Ashenzari
Cheibriados
Dithmenos
Elyvilon
Fedhas
Gozag
Hepliaklqana
Kikubaaqudgha
Makhleb
Nemelex Xobeh
Okawaru
Qazlal
Ru
Sif Muna
Trog
Uskayaw
Vehumet
Xom
Yredelemnul
Zin
The Shining One
Beogh

Shops:
D:4 *   D:5 [   D:8 (   Orc:1 (   Orc:2 [[(

Annotations:
D:11 exclusion: ice statue
Orc:2 Saint Roka


Innate Abilities, Weirdness & Mutations

You are resistant to torment.
Your stone body is resilient. (AC +9)
You are immune to poison.
Your large and strong wings let you fly indefinitely.
You resist negative energy. (rN+)
You are resistant to electric shocks. (rElec)
You can survive without breathing.
You are immune to petrification.
You are immune to rotting.
Your life essence is reduced. (-10% HP)


Message History

The orc warrior closely misses you.
You are feeling hungry.
You block the orc's attack.
The orc priest hits you but does no damage.
The orc warrior barely misses you.
The orc wizard hits you but does no damage.
The orc no longer looks unusually strong.
You block the orc's attack.
Your surroundings seem slightly different.
The orc warrior no longer looks unusually strong.
The orc warrior no longer looks unusually strong.
The orc priest miscasts a cantrip.
The orc wizard no longer looks unusually strong.
The orc priest calls down the wrath of Beogh upon you.
Beogh smites you!
* * * LOW HITPOINT WARNING * * *
The orc warrior hits you but does no damage.
The orc priest calls down the wrath of Beogh upon you.
Beogh smites you!
You die...

.#..............##.###.#......)..
.........#..#..##...#....#...))#.
...................###........###
....#...............##.#.#.##.##.
...#.........###..........##...##
....#..^.....#∩'.^..##.....##.###
##.#.........###............###
#............................# #
##.##.#[........@o.o......#..## #
##...[[)........oo...........###
##..............[o.o.........##..
#..................>....#...#)...
..........#........[.........)...
....^..#................#....†##.
..#.....#......>..).............#
####...##..........)...#.........
#..#..##................#..#.....


You could see 3 orc warriors, an orc priest, an orc wizard and an orc.

Vanquished Creatures
  5 hydras
  Erolcha (D:12)
  A death yak (D:10)
  4 centaur warriors (D:13)
  An orc high priest (Orc:2)
  A deep elf knight (D:13)
  A wizard (D:12)
  2 hill giants
  Pikel (D:9)
  3 deep elf magi
  3 orc knights
  3 ugly things
  3 orc sorcerers (Orc:2)
  A slime creature (D:12)
  3 elephants (Lair:4)
  A black mamba (Lair:5)
  2 spiny frogs
  A centaur skeleton (D:13)
  2 komodo dragons
  An efreet (D:13)
  2 yaktaurs (D:13)
  A rime drake (Lair:3)
  A two-headed ogre (D:11)
  6 trolls
  2 hippogriffs (D:13)
  A redback (Lair:4)
  A spriggan (D:10)
  A shadow (D:14)
  11 yaks
  Eustachio (D:4)
  A wraith (D:10)
  A basilisk (Lair:5)
  Edmund (D:4)
  A vampire mosquito (D:14)
  5 wargs
  Menkaure (D:7)
  Duvessa (D:7)
  A porcupine (Lair:2)
  3 water moccasins
  3 phantoms
  An ice beast (D:6)
  2 sky beasts
  A black bear (Lair:3)
  11 orc warriors
  3 ogres
  25 centaurs
  2 wolves (Lair:3)
  4 crocodiles
  2 big kobolds
  10 bullfrogs
  Dowan (D:7)
  3 scorpions
  3 wights
  2 electric eels (Lair:5)
  6 howler monkeys
  3 crimson imps
  10 hounds
  2 centaur zombies
  6 jellies
  10 orc wizards
  2 quasits
  6 orc priests
  Crazy Yiuf (D:2)
  2 bullfrog skeletons
  Natasha (thrice) (D:4)
  4 iguanas
  2 gnoll shamans
  Ijyb (D:2)
  7 worker ants
  A hound zombie (D:10)
  A worker ant zombie (D:5)
  10 gnolls
  A howler monkey skeleton (D:8)
  A howler monkey zombie (D:11)
  15 adders
  2 shadow imps
  3 adder zombies
  3 adder skeletons
  2 worms (D:5)
  3 dart slugs
  2 leopard geckos
  59 orcs
  A ball python (D:1)
  7 bats
  3 giant cockroaches (D:3)
  11 goblins
  5 hobgoblins
  17 jackals
  5 quokkas
  6 frilled lizards
  2 goblin skeletons (D:7)
  A jackal skeleton (D:5)
  21 kobolds
  A kobold zombie (D:7)
  2 leopard gecko skeletons (D:4)
  2 orc skeletons (D:7)
  An orc zombie (D:7)
  7 rats
  4 fungi
419 creatures vanquished.

Vanquished Creatures (collateral kills)
  An orc warlord (Orc:2)
  An ettin (Orc:2)
  A hydra (Lair:5)
  A centaur warrior (D:13)
  2 death yaks
  2 unseen horrors (D:12)
  4 hill giants
  A deep elf mage (D:10)
  2 orc sorcerers
  A cyclops (Orc:1)
  A centaur zombie (D:12)
  An elephant (Lair:4)
  3 black mambas
  Maurice (D:9)
  2 spiny frogs
  A yaktaur (D:13)
  A kobold demonologist (D:13)
  2 rime drakes
  2 komodo dragons
  3 trolls
  A polar bear (Lair:4)
  3 blink frogs (Lair:1)
  A hornet (D:11)
  4 hippogriffs
  A slime creature (D:12)
  2 wraiths (D:10)
  15 yaks
  A hungry ghost (D:10)
  A warg (Orc:2)
  3 porcupines
  4 water moccasins
  12 orc warriors
  2 sky beasts
  2 ice beasts
  2 necrophages
  A black bear (D:10)
  2 ogres
  9 centaurs
  3 wolves (Lair:3)
  7 crocodiles
  2 big kobolds
  9 bullfrogs
  A scorpion (Lair:4)
  A wyvern skeleton (D:10)
  4 wights
  3 crimson imps
  A hound (D:7)
  7 orc priests
  A centaur skeleton (D:8)
  2 jellies
  2 quasits (D:10)
  7 orc wizards
  2 iguanas (D:8)
  4 worker ants
  A hound zombie (D:9)
  2 gnolls (Orc:2)
  An adder (D:11)
  2 river rats (D:10)
  2 shadow imps
  3 adder zombies
  A leopard gecko (D:6)
  26 orcs
  6 jackals
  6 kobolds
  A quokka (D:12)
  A hobgoblin zombie (D:7)
  A kobold zombie (D:7)
  An orc skeleton (D:7)
  An orc zombie (D:7)
  A butterfly (Lair:4)
  2 fungi
213 creatures vanquished.

Vanquished Creatures (others)
  A swamp dragon (Swamp:1)
  A hornet (Swamp:1)
  Sigmund (D:6)
  4 slaves (D:9)
  A sky beast (D:9)
  A centaur (D:13)
  A bullfrog (D:13)
  3 howler monkeys (D:9)
  16 battlemagi
  An orc wizard (D:12)
  A worker ant (D:9)
  An adder (D:9)
  An orc (D:9)
  22 fungi (Orc:2)
  2 plants (Lair:5)
57 creatures vanquished.

Grand Total: 689 creatures vanquished

Notes
Turn   | Place    | Note
-------+----------+-------------------------------------------
     0 | D:1      | Shushpanzer the Gargoyle Fighter began the quest for the Orb.
     0 | D:1      | Reached XP level 1. HP: 14/14 MP: 1/1
   401 | D:1      | Reached XP level 2. HP: 18/19 MP: 2/2
   644 | D:1      | Reached XP level 3. HP: 13/24 MP: 3/3
  1152 | D:2      | Reached XP level 4. HP: 29/29 MP: 4/4
  1264 | D:2      | Found a runed door.
  1272 | D:2      | Noticed Crazy Yiuf
  1282 | D:2      | Killed Crazy Yiuf
  1532 | D:2      | Noticed Ijyb
  1545 | D:2      | Killed Ijyb
  1545 | D:2      | Reached skill level 1 in Dodging
  1545 | D:2      | Reached skill level 4 in Shields
  1623 | D:2      | Reached XP level 5. HP: 33/33 MP: 5/5
  2571 | D:4      | Noticed Natasha
  2589 | D:4      | Killed Natasha
  2589 | D:4      | Reached XP level 6. HP: 38/38 MP: 6/6
  2738 | D:4      | Noticed Edmund
  2765 | D:4      | Killed Edmund
  2765 | D:4      | Reached skill level 5 in Shields
  2812 | D:4      | Noticed Eustachio
  2862 | D:4      | Killed Eustachio
  2862 | D:4      | Reached XP level 7. HP: 34/44 MP: 7/7
  3023 | D:4      | Found a staircase to the Ecumenical Temple.
  3053 | Temple   | Entered the Ecumenical Temple
  3301 | D:4      | Noticed Natasha
  3332 | D:4      | Killed Natasha
  3350 | D:4      | Noticed Natasha
  3355 | D:4      | Killed Natasha
  3526 | D:4      | Found Usoud's General Store.
  3534 | D:4      | Bought a potion of curing for 36 gold pieces
  3602 | D:4      | Reached skill level 5 in Maces & Flails
  3618 | D:4      | Reached skill level 5 in Fighting
  3618 | D:4      | Reached XP level 8. HP: 42/49 MP: 8/8
  3753 | D:4      | Reached skill level 6 in Shields
  3805 | D:5      | Entered Level 5 of the Dungeon
  3824 | D:5      | Found Donuh's Armour Emporium.
  3879 | D:5      | Reached skill level 5 in Armour
  4000 | D:5      | Got a fine cloak
  4011 | D:5      | Identified the +1 cloak of Watchfulness {+Inv rElec Dex-4 Stlth+} (You found it on level 5 of the Dungeon)
  4318 | D:5      | Found a blossoming altar of Fedhas.
  4348 | D:5      | Found a hazy altar of Hepliaklqana.
  4359 | D:5      | Became a worshipper of Hepliaklqana the Forgotten
  4422 | D:5      | Found a deep blue altar of Sif Muna.
  4435 | D:5      | Found a sacrificial altar of Ru.
  4775 | D:6      | Reached skill level 7 in Shields
  5006 | D:6      | Reached XP level 9. HP: 46/48 MP: 9/9
  5130 | D:6      | Noticed Sigmund
  5136 | D:6      | Killed Sigmund
  5191 | D:6      | Reached * piety under Hepliaklqana
  5201 | D:6      | Reached skill level 8 in Shields
  5780 | D:7      | Noticed Duvessa
  5780 | D:7      | Noticed Dowan
  5796 | D:7      | Killed Duvessa
  5801 | D:7      | Killed Dowan
  5860 | D:7      | Found a glowing golden altar of the Shining One.
  5963 | D:7      | Noticed Menkaure
  5973 | D:7      | Killed Menkaure
  6046 | D:7      | Reached ** piety under Hepliaklqana
  6047 | D:7      | Remembered your ancestor Kenrick as a battlemage
  6206 | D:7      | Found a snail-covered altar of Cheibriados.
  6776 | D:8      | Reached skill level 9 in Shields
  6807 | D:8      | Reached XP level 10. HP: 49/54 MP: 10/10
  7005 | D:8      | Found Zuilyets's Antique Weapon Boutique.
  7093 | D:8      | Reached skill level 1 in Stealth
  7207 | D:8      | Upgraded the game from 0.20-a0-268-gb6bde61 to 0.20-a0-269-g17f5411
  7754 | D:9      | Found a staircase to the Orcish Mines.
  7782 | D:9      | Noticed Pikel
  7797 | D:9      | Killed Pikel
  8313 | D:9      | Noticed Maurice
  8318 | D:9      | Killed Maurice
  8318 | D:9      | Reached skill level 10 in Shields
  8404 | D:9      | Reached *** piety under Hepliaklqana
 10823 | D:10     | Entered Level 10 of the Dungeon
 11081 | D:10     | Noticed a death yak
 11092 | D:10     | Noticed a death yak
 11101 | D:10     | Killed a death yak
 11247 | D:9      | Killed a death yak
 11472 | D:10     | Found a staircase to the Lair.
 11589 | D:10     | Noticed a death yak
 11597 | D:10     | Killed a death yak
 11597 | D:10     | Reached XP level 11. HP: 59/60 MP: 11/11
 11852 | D:10     | Noticed a deep elf mage
 11860 | D:10     | Killed a deep elf mage
 11863 | D:10     | Reached skill level 11 in Shields
 12020 | D:10     | Found a burning altar of Makhleb.
 12520 | D:11     | Found a blossoming altar of Fedhas.
 12813 | D:11     | Noticed a hill giant
 12825 | D:11     | Killed a hill giant
 12825 | D:11     | Reached skill level 10 in Maces & Flails
 12860 | D:11     | Noticed a hill giant
 12870 | D:11     | Killed a hill giant
 13356 | D:11     | Noticed a hill giant
 13362 | D:11     | Killed a hill giant
 13470 | D:12     | You fall through a shaft!
 13487 | D:13     | Reached XP level 12. HP: 67/67 MP: 10/12
 13503 | D:13     | Reached skill level 12 in Shields
 13622 | D:13     | Noticed a centaur warrior
 13631 | D:13     | Killed a centaur warrior
 13860 | D:13     | Noticed a centaur warrior
 13878 | D:13     | Killed a centaur warrior
 13989 | D:13     | Noticed a seven-headed hydra
 14020 | D:13     | Killed a seven-headed hydra
 14134 | D:13     | Noticed a centaur warrior
 14147 | D:13     | Killed a centaur warrior
 14250 | D:13     | Noticed a deep elf knight
 14251 | D:13     | Noticed a centaur warrior
 14262 | D:13     | Reached skill level 13 in Shields
 14568 | D:12     | Reached **** piety under Hepliaklqana
 14696 | D:12     | Reached skill level 5 in Dodging
 14696 | D:12     | Reached XP level 13. HP: 55/72 MP: 13/13
 14919 | D:12     | Noticed Erolcha
 14929 | D:12     | Killed Erolcha
 15347 | D:12     | Reached skill level 14 in Shields
 15902 | D:13     | Reached skill level 10 in Armour
 16371 | D:13     | Found a gate to the Vaults.
 16847 | Lair:1   | Entered Level 1 of the Lair of Beasts
 16867 | Lair:1   | Found a shimmering altar of Xom.
 18162 | Lair:2   | Found a staircase to the Swamp.
 18261 | Lair:2   | Reached ***** piety under Hepliaklqana
 18917 | Lair:3   | Reached skill level 10 in Fighting
 18917 | Lair:3   | Gained mutation: Your large and strong wings let you fly indefinitely. [Gargoyle growth]
 18917 | Lair:3   | Reached XP level 14. HP: 11/79 MP: 14/14
 19153 | Lair:3   | Got a fine flail
 19154 | Lair:3   | Identified the +4 flail of the Eggplant {distort, rF+} (You found it on level 3 of the Lair of Beasts)
 20229 | Lair:4   | Reached skill level 5 in Stealth
 20239 | Lair:4   | Reached skill level 15 in Shields
 20607 | Lair:4   | Found a hole to the Spider Nest.
 21326 | Swamp:1  | Entered Level 1 of the Swamp
 22400 | Lair:5   | Reached ****** piety under Hepliaklqana
 22672 | Orc:1    | Entered Level 1 of the Orcish Mines
 22720 | Orc:1    | Reached skill level 1 in Evocations
 22839 | Orc:1    | Found Fudaucs's Antique Weapon Emporium.
 23484 | Orc:2    | Entered Level 2 of the Orcish Mines
 23504 | Orc:2    | Noticed Saint Roka
 23575 | Orc:2    | Found a roughly hewn altar of Beogh.
 23751 | Orc:2    | Found Wigheq's Antique Weapon Boutique.
 24212 | Orc:2    | Paralysed by an orc sorcerer for 5 turns
 24243 | Orc:2    | Found Jetset's Armour Shop.
 24245 | Orc:2    | Found Nufulaz's Antique Armour Emporium.
 24317 | Orc:2    | Bought a +0 pair of boots for 49 gold pieces
 24394 | Orc:2    | Found a staircase to the Elven Halls.
 24611 | Orc:2    | Noticed an orc warlord
 24643 | Orc:2    | Killed an orc warlord
 24779 | Orc:1    | Killed from afar by an orc priest

Vault maps used:
D:1:      zelgadis_glass_arrival_small
D:2:      first_bread, uniq_crazy_yiuf_cottage, uniq_iyjb
D:4:      serial_shops, shop, uniq_natasha, uniq_eustachio, uniq_edmund
D:5:      nicolae_overflow_quartered_altars, serial_shops, nicolae_shop_trees
D:6:      uniq_sigmund
D:7:      nicolae_tso_besieged_by_evil, cheibriados_altar_wand_db,
          uniq_menkaure, uniq_duvessa
D:8:      serial_shops, shop_statue
D:9:      orc_0_dummy, grunt_ministairs_14, uniq_maurice, uniq_pikel
D:10:     dpeg_lair_monsters, basic_altar, hangedman_stone_soup,
          grunt_ministairs_4, serial_bayou_pond_d,
          hangedman_abyss_or_decor_lesser_grid, kennysheep_generic_room_14
D:11:     lemuel_ice_statue, basic_altar
D:12:     lightli_wizard_tower, uniq_erolcha
D:13:     hangedman_vaults_entry_quadrant_bands
D:14:     serial_bayou_pond_d
Temple:   regret_index_temple_waves
Lair:1:   basic_altar
Lair:2:   swamp_mist_pool
Lair:4:   spider_nest_entry_rubble, lemuel_fruit_fields, lemuel_fruit_fields
Lair:5:   infiniplex_staircase_pool, grunt_megastairs_5, serial_bayou_shore_a
Swamp:1:  evilmike_swamp_ruin_house_3
Orc:1:    serial_shops, nicolae_shop_window_shopping
Orc:2:    grunt_orc_gardens, grunt_orc_garden, grunt_orc_garden,
          grunt_orc_garden, grunt_orc_garden, basic_altar, serial_shops, shop,
          uniq_saint_roka

Skill      XL: |  1  2  3  4  5  6  7  8  9 10 11 12 13 14 |
---------------+-------------------------------------------+-----
Fighting       | 4 5 6 7 8 9 10 | 10.8
Dodging        | 1 2 3 4 5 |  5.7
Shields        | 4 5 7 9 10 11 13 14 15 | 15.7
Maces & Flails | 3 4 5 6 8 9 10 11 12 13 | 13.5
Armour         | 4 5 6 7 8 9 10 11 | 11.5
Stealth        | 2 3 4 5 |  5.4
Evocations     | 1 |  1.1
Invocations    | |  0.7

Action                   |  1- 3 |  4- 6 |  7- 9 | 10-12 | 13-15 || total
-------------------------+-------+-------+-------+-------+-------++-------
Melee: Flail             |   149 |     5 |       |       |   392 ||   546
       Mace              |       |   195 |   469 |   642 |   439 ||  1745
       Unarmed           |       |       |       |     1 |       ||     1
       Great mace        |       |       |       |       |    11 ||    11
       Dire flail        |       |       |       |       |     6 ||     6
Invok: Ancestor Identity |       |       |     1 |       |       ||     1
       Ancestor Life: Ba |       |       |     1 |       |       ||     1
       Recall Ancestor   |       |       |       |     2 |     1 ||     3
       Idealise          |       |       |       |       |     1 ||     1
Evoke: Wand              |       |       |       |     5 |     4 ||     9
       Phantom mirror    |       |       |       |     1 |       ||     1
  Use: Scroll            |     2 |     5 |    11 |    11 |    15 ||    44
       Potion            |       |       |       |     7 |     2 ||     9
 Stab: Invisible         |       |     1 |       |       |       ||     1
       Distracted        |       |       |       |     7 |     8 ||    15
  Eat: Chunk             |     1 |     4 |     9 |     9 |    16 ||    39
       Pizza             |       |     1 |       |     1 |       ||     2
       Beef jerky        |       |       |     2 |       |       ||     2
       Royal jelly       |       |       |     1 |     1 |     3 ||     5
       Fruit             |       |       |       |     6 |     6 ||    12
       Meat ration       |       |       |       |     2 |     1 ||     3
Armor: Scale mail        |   146 |    76 |       |       |       ||   222
       Chain mail        |       |    30 |   262 |   307 |   378 ||   977
       Plate armour      |       |       |       |       |    12 ||    12
Dodge: Dodged            |    67 |    63 |   127 |   187 |   238 ||   682
Block: Shield            |   130 |   129 |   373 |   545 |   730 ||  1907
